 Dungeon Crawl Stone Soup version 0.29.0-4-gdea44cf6ec (webtiles) character file.

Game seed: 4693960608147005090

45054 qw the Brawler (level 13, -5/131 HPs)
             Began as a Troll Cinder Acolyte on Sept 2, 2022.
             Was a Priest of Okawaru.
             Slain by a starcursed mass (7 damage)
             ... on level 2 of the Abyss.
             The game lasted 00:08:21 (14739 turns).

qw the Brawler (Troll Cinder Acolyte)              Turns: 14739, Time: 00:08:21

Health: -5/131     AC: 14    Str: 29    XL:     13   Next: 99%
Magic:  13/15      EV: 13    Int: 18    God:    Okawaru [***...]
Gold:   652        SH:  5    Dex: 11    Spells: 14/14 levels left

rFire   . . .      SeeInvis .     - Unarmed
rCold   + + +      Faith    .   (no shield)
rNeg    + . .      Spirit   .   u - +2 steam dragon scales
rPois   +          Reflect  +   (helmet restricted)
rElec   .          Harm     .   j - +2 cloak of Red Curiosity {rC+++ Will- Regen+ Int+4}
rCorr   .          Rampage  .   (gloves unavailable)
Will    .....                   (boots unavailable)
Stlth   ++++......              g - amulet of reflection
HPRegen 1.91/turn               b - ring of the Prince {rN+ Int+4 Dex+6 Slay+2 Stlth+}
MPRegen 0.14/turn               o - ring of poison resistance

@: heroic, fire susceptible
A: large, unfitting armour, claws 3, regeneration 1, shaggy fur 1, tough skin 1
a: Renounce Religion, Heroism


You were on level 2 of the Abyss.
You worshipped Okawaru.
Okawaru was most pleased with you.
You visited 3 branches of the dungeon, and saw 15 of its levels.
You visited the Abyss 1 time.

You collected 904 gold pieces.
You spent 252 gold pieces at shops.


Innate Abilities, Weirdness & Mutations

You are too large for most types of armour.
You have claws for hands.
Your natural rate of healing is unusually fast.
You are covered in fur. (AC +1)
You have tough skin. (AC +1)


   Skills:
 - Level 9.0(14.0) Fighting
 - Level 3.0(8.0) Armour
 - Level 5.0(10.0) Dodging
 + Level 20.4(25.4) Unarmed Combat
 - Level 1.0 Spellcasting
 - Level 2.1 Fire Magic
 - Level 4.0 Invocations


You had 14 spell levels left.
You didn't know any spells.
Your spell library contained the following spells:

 Spells                   Type           Power      Damage    Failure   Level
 Scorch                   Fire           16%        2d5       12%         2

Inventory:

Armour
 d - a +2 hat of stealth
 j - the +2 cloak of Red Curiosity (worn) {rC+++ Will- Regen+ Int+4}
   (You found it on level 8 of the Dungeon)

   Int:       It affects your intelligence (+4).
   rC:        It renders you almost immune to cold.
   Regen:     It increases your rate of health regeneration.
   Will:      It decreases your willpower.
 t - a +0 robe of resistance
 u - +2 steam dragon scales (worn)
Jewellery
 b - the ring of the Prince (left claw) {rN+ Int+4 Dex+6 Slay+2 Stlth+}
   (You took it off a deep elf pyromancer on level 9 of the Dungeon)

   [ring of dexterity]

   Int:       It affects your intelligence (+4).
   Dex:       It affects your dexterity (+6).
   Slay:      It affects your accuracy & damage with ranged weapons and melee
   (+2).
   rN:        It protects you from negative energy.
   Stlth:     It makes you more stealthy.
 g - an amulet of reflection (around neck)
 k - a +4 ring of slaying {mikee}
 o - a ring of poison resistance (right claw)
Wands
 e - a wand of digging (4)
Scrolls
 c - a scroll of enchant weapon
 l - 5 scrolls of identify
Potions
 a - 3 potions of mutation
 f - 6 potions of curing
 h - 3 potions of might

Dungeon Overview and Level Annotations

Branches:
Dungeon (9/15)             Temple (1/1) D:4            Lair (5/5) D:9
  Swamp (0/4) Lair:2        Snake (0/4) Lair:2        Slime (0/5) Lair:5
    Orc: D:9-12

Altars:
Elyvilon
Fedhas
Gozag
Hepliaklqana
Kikubaaqudgha
Okawaru
Ru
Trog
Uskayaw
Vehumet
Wu Jian
Xom
Yredelemnul
Zin
The Shining One

Shops:
D:6 =   D:7 *   D:8 :

Annotations:
Lair:5 4 runed translucent doors, qw's ghost, journeyman TeWr


Message History

The starcursed mass is lightly damaged.
The starcursed mass shudders and is absorbed by its neighbour.
You feel sick.
You are no longer poisoned.
Something touches you.
A starcursed mass splits.
Something touches you but does no damage.
You block something's attack.
The starcursed mass touches you but does no damage.
The starcursed mass misses you. Something barely misses you.
14734 ||| Stepping ~*~*~tactically~*~*~ (outnumbered).
You mangle something!! Okawaru accepts your kill.
Reactivating autopickup.
You feel a bit more experienced. You block the starcursed mass's attack.
Something touches you!
Deactivating autopickup; reactivate with Ctrl-A.
14735 ||| Stepping ~*~*~tactically~*~*~ (outnumbered).
Something touches you.
Something touches you but does no damage.
Something barely misses you.
You see here an apocalypse crab corpse.
You mangle the starcursed mass!!
You destroy the starcursed mass!
Okawaru accepts your kill. Something touches you!
A starcursed mass splits.
You feel like a meek peon again.
A deafening chorus of shrieks assaults your mind!
You block something's attack. The starcursed mass touches you!
The starcursed mass touches you but does no damage.
14738 ||| INVOKING Heroism.
You gain the combat prowess of a mighty hero.
A deafening chorus of shrieks assaults your mind!
Something touches you but does no damage.
The starcursed mass misses you. Something touches you.
The starcursed mass touches you. The starcursed mass touches you!
You eviscerate the starcursed mass!!!
You destroy the starcursed mass!
Okawaru accepts your kill. Something touches you!
You die...

.. ... .. #.#
##.## #.#
...###...###...
..#.....#..
......... ¤
#..X..# t #.XX#
¤# ##@## . #
##%..## #. .
#.....# .....
#................
#...#.....#... .
#..###...###...#.
#.# ##.## #.# #.
... ..# . .....
..


You could see 3 starcursed masses.

Vanquished Creatures
  Rupert (Lair:5)
  A boulder beetle (D:9)
  3 hydras
  2 centaur warriors (D:9)
  A two-headed ogre (D:9)
  12 death yaks
  A death knight (D:9)
  A tengu warrior (D:9)
  2 thrashing horrors (Lair:5)
  A large abomination (Lair:5)
  A deep elf pyromancer (D:9)
  A wizard (D:9)
  2 manticores (D:9)
  7 elephants (Lair:5)
  An apocalypse crab (Abyss:2)
  4 black mambas
  An orange demon (Abyss:2)
  A smoke demon (Lair:5)
  A cane toad (shapeshifter) (Lair:5)
  6 cane toads
  3 rime drakes
  4 komodo dragons
  A kobold demonologist (D:9)
  An ancient zyme (Lair:5)
  A tengu conjurer (D:9)
  A tarantella (shapeshifter) (Lair:5)
  6 polar bears
  2 hornets (D:9)
  10 blink frogs
  Grinder (D:3)
  5 dream sheep (Lair:3)
  A slime creature (D:9)
  A vampire (D:9)
  A spriggan (Lair:5)
  4 wyverns
  29 yaks
  7 fire elementals (Lair:5)
  4 basilisks
  A chaos spawn (Abyss:2)
  2 steam dragons
  7 vampire mosquitoes (Lair:2)
  Edmund (D:5)
  An acid dragon (D:5)
  3 nagas (Lair:2)
  Duvessa (D:4)
  3 orc warriors
  12 water moccasins
  3 ice beasts
  A sky beast (D:7)
  4 starcursed masses (Abyss:2)
  A black bear (D:7)
  6 wolves (Lair:1)
  4 ogres
  2 centaurs (D:9)
  3 kobold brigands (D:9)
  3 necrophages
  14 bullfrogs
  13 wights
  6 small abominations (Lair:5)
  Dowan (D:4)
  5 killer bees (D:9)
  2 electric eels
  2 howler monkeys (D:6)
  2 jellies
  3 orc priests
  6 hounds
  Terence (D:3)
  3 iguanas (D:4)
  6 orc wizards
  Robin (D:2)
  8 gnolls
  4 adders
  2 shadow imps
  2 white imps (D:5)
  2 ufetubi
  2 worms
  4 dart slugs
  20 orcs
  11 endoplasms
  A giant cockroach (D:3)
  14 goblins
  13 hobgoblins
  13 jackals
  2 quokkas
  9 ball pythons
  3 bats
  4 frilled lizards
  9 kobolds
  5 rats
383 creatures vanquished.

Vanquished Creatures (others)
  A raiju (shapeshifter) (Lair:5)
  A human (D:5)
  A bush (Lair:3)
  10 fungi
  57 plants
70 creatures vanquished.

Grand Total: 453 creatures vanquished

Notes
Turn   | Place    | Note
-------+----------+-------------------------------------------
     0 | D:1      | qw the Troll Cinder Acolyte began the quest for the Orb.
     0 | D:1      | Reached XP level 1. HP: 22/22 MP: 1/1
     0 | D:1      | 0 ||| qw: Version: 0.1-a-97-g2dd2ca4
     0 | D:1      | 0 ||| qw: Game counter: 4945
     0 | D:1      | 0 ||| qw: Always use a shield: true
     0 | D:1      | 0 ||| qw: God list: Okawaru
     0 | D:1      | 0 ||| qw: Allow faded altars: false
     0 | D:1      | 0 ||| qw: Do Orc after D:15 true
     0 | D:1      | 0 ||| qw: Do second Lair branch before Depths: true
     0 | D:1      | 0 ||| qw: Lair rune preference: random
     0 | D:1      | 0 ||| qw: Plans: Normal
     0 | D:1      | 0 ||| PLANNING D:1-11
   125 | D:1      | 125 ||| Stepping ~*~*~tactically~*~*~ (stealth).
   204 | D:1      | Reached XP level 2. HP: 29/29 MP: 2/2
   502 | D:1      | Reached skill level 4 in Unarmed Combat
   521 | D:1      | You fall into a shaft and drop 1 floor!
   559 | D:2      | Found a faded altar of an unknown god.
   561 | D:2      | 561 ||| Stepping ~*~*~tactically~*~*~ (stealth).
   570 | D:2      | Reached XP level 3. HP: 36/36 MP: 3/3
   687 | D:2      | 687 ||| Stepping ~*~*~tactically~*~*~ (stealth).
   849 | D:2      | 849 ||| UPGRADING to ring of poison resistance.
   850 | D:2      | 850 ||| UPGRADING to +6 ring of strength.
   851 | D:2      | 851 ||| UPGRADING to +4 ring of slaying {mikee}.
   853 | D:2      | 853 ||| READING 2 scrolls labelled FOMUTU REMUN.
   854 | D:2      | 854 ||| READING scroll labelled NENEHA GARI.
   855 | D:2      | 855 ||| READING scroll labelled FEDWEA GAMECE.
   856 | D:2      | 856 ||| READING scroll labelled ICOUCK CUTTA.
   859 | D:2      | 859 ||| READING scroll labelled CULAUT QAWOB.
   860 | D:2      | 860 ||| DRINKING 2 brown potions.
   861 | D:2      | 861 ||| DRINKING 2 viscous purple potions.
   862 | D:2      | 862 ||| DROPPING scroll of amnesia.
   863 | D:2      | 863 ||| DROPPING potion of degeneration.
  1699 | D:2      | 1699 ||| UPGRADING to amulet of regeneration.
  1704 | D:2      | 1704 ||| UPGRADING to amulet of reflection.
  1714 | D:2      | 1714 ||| DROPPING amulet of regeneration.
  1741 | D:3      | Noticed Robin
  1742 | D:3      | 1742 ||| STAIRDANCE
  1744 | D:2      | 1744 ||| INVOKING Fiery Armour.
  1748 | D:2      | Killed Robin
  1756 | D:3      | 1756 ||| STAIRDANCE
  1760 | D:2      | Reached XP level 4. HP: 42/44 MP: 4/4
  1766 | D:3      | Reached skill level 5 in Unarmed Combat
  1766 | D:3      | 1766 ||| STAIRDANCE
  1793 | D:3      | Noticed Grinder
  1794 | D:3      | 1794 ||| Stepping ~*~*~tactically~*~*~ (hiding).
  1795 | D:3      | 1795 ||| Stepping ~*~*~tactically~*~*~ (hiding).
  1800 | D:3      | Paralysed by Grinder for 5 turns
  1806 | D:3      | 1806 ||| Stepping ~*~*~tactically~*~*~ (hiding).
  1816 | D:3      | 1816 ||| FLEEEEING.
  1817 | D:3      | 1817 ||| FLEEEEING.
  1818 | D:3      | 1818 ||| FLEEEEING.
  1825 | D:3      | 1825 ||| STAIRDANCE
  1850 | D:3      | Killed Grinder
  1851 | D:3      | Reached skill level 6 in Unarmed Combat
  1851 | D:3      | Reached XP level 5. HP: 42/50 MP: 5/5
  1895 | D:3      | Noticed Terence
  1901 | D:3      | Killed Terence
  1902 | D:3      | Reached XP level 6. HP: 50/59 MP: 6/6
  1965 | D:3      | 1965 ||| Stepping ~*~*~tactically~*~*~ (outnumbered).
  2084 | D:3      | Reached skill level 7 in Unarmed Combat
  2087 | D:3      | 2087 ||| Stepping ~*~*~tactically~*~*~ (stealth).
  2705 | D:3      | 2705 ||| READING scroll labelled EMEPHI YGEGICH.
  3177 | D:4      | 3177 ||| INVOKING Fiery Armour.
  3182 | D:4      | 3182 ||| Stepping ~*~*~tactically~*~*~ (hiding).
  3216 | D:4      | Noticed an ice beast
  3218 | D:4      | Noticed an orc warrior
  3219 | D:4      | 3219 ||| Stepping ~*~*~tactically~*~*~ (stealth).
  3227 | D:4      | Killed an ice beast
  3228 | D:4      | Reached skill level 8 in Unarmed Combat
  3228 | D:4      | Reached XP level 7. HP: 66/66 MP: 7/7
  3234 | D:4      | 3234 ||| Stepping ~*~*~tactically~*~*~ (hiding).
  3235 | D:4      | 3235 ||| Stepping ~*~*~tactically~*~*~ (hiding).
  3245 | D:4      | Reached skill level 3 in Fighting
  3290 | D:4      | 3290 ||| Stepping ~*~*~tactically~*~*~ (stealth).
  3350 | D:4      | 3350 ||| Stepping ~*~*~tactically~*~*~ (stealth).
  3462 | D:4      | Found a staircase to the Ecumenical Temple.
  3497 | D:4      | Noticed Duvessa
  3497 | D:4      | Noticed Dowan
  3498 | D:4      | 3498 ||| Stepping ~*~*~tactically~*~*~ (hiding).
  3502 | D:4      | 3502 ||| INVOKING Fiery Armour.
  3505 | D:4      | Killed Duvessa
  3506 | D:4      | Killed Dowan
  3507 | D:4      | Reached skill level 9 in Unarmed Combat
  4008 | D:4      | 4008 ||| READING 2 scrolls labelled BUQU AWNICWEE.
  4009 | D:4      | 4009 ||| READING scroll labelled GYRIZY GIOSTI.
  4010 | D:4      | 4010 ||| READING scroll labelled MEJISH ON FEMM.
  4011 | D:4      | 4011 ||| READING scroll labelled KACVIJIHEU.
  4012 | D:4      | 4012 ||| DRINKING 2 cyan potions.
  4013 | D:4      | 4013 ||| DROPPING potion of brilliance.
  4014 | D:4      | 4014 ||| DROPPING scroll of poison.
  4054 | D:5      | Entered Level 5 of the Dungeon
  4055 | D:5      | 4055 ||| Stepping ~*~*~tactically~*~*~ (hiding).
  4057 | D:5      | 4057 ||| Stepping ~*~*~tactically~*~*~ (stealth).
  4068 | D:5      | Reached skill level 1 in Dodging
  4070 | D:5      | 4070 ||| Stepping ~*~*~tactically~*~*~ (hiding).
  4078 | D:5      | Reached XP level 8. HP: 71/75 MP: 8/8
  4083 | D:5      | 4083 ||| Stepping ~*~*~tactically~*~*~ (hiding).
  4087 | D:5      | Found an ancient bone altar of Kikubaaqudgha.
  4235 | D:5      | Noticed Edmund
  4244 | D:5      | Killed Edmund
  4273 | D:5      | 4273 ||| Stepping ~*~*~tactically~*~*~ (hiding).
  4463 | D:5      | Reached skill level 10 in Unarmed Combat
  4491 | D:5      | 4491 ||| FLEEEEING.
  4492 | D:5      | 4492 ||| FLEEEEING.
  4493 | D:5      | 4493 ||| FLEEEEING.
  4494 | D:5      | 4494 ||| FLEEEEING.
  4798 | D:5      | 4798 ||| Stepping ~*~*~tactically~*~*~ (stealth).
  4811 | D:5      | 4811 ||| Stepping ~*~*~tactically~*~*~ (hiding).
  4817 | D:5      | 4817 ||| Stepping ~*~*~tactically~*~*~ (outnumbered).
  4949 | D:5      | 4949 ||| UPGRADING to +0 cloak.
  4954 | D:5      | 4954 ||| READING scroll labelled XULIUX DOYTO.
  4955 | D:5      | 4955 ||| DRINKING 2 fuming pink potions.
  4956 | D:5      | 4956 ||| READING 3 scrolls of identify.
  4956 | D:5      | 4956 ||| IDENTIFYING bubbling white potion
  4957 | D:5      | 4957 ||| READING 2 scrolls of identify.
  4957 | D:5      | 4957 ||| IDENTIFYING viscous brown potion
  4958 | D:5      | 4958 ||| DROPPING potion of berserk rage.
  5129 | D:6      | Found Wierezueck's Jewellery Shop.
  5135 | D:6      | 5135 ||| SHOPLISTING amulet "Xosafaq" {rF- rC+ Regen+
                  | Dex+6} (694 gold, have 234).
  5135 | D:6      | 5135 ||| SHOPLISTING ring of protection from fire (350
                  | gold, have 234).
  5267 | D:6      | 5267 ||| Stepping ~*~*~tactically~*~*~ (hiding).
  5268 | D:6      | 5268 ||| Stepping ~*~*~tactically~*~*~ (hiding).
  5444 | D:6      | Reached skill level 11 in Unarmed Combat
  5482 | D:6      | Reached XP level 9. HP: 84/84 MP: 9/9
  5514 | D:6      | 5514 ||| Stepping ~*~*~tactically~*~*~ (stealth).
  5722 | D:6      | 5722 ||| FLEEEEING.
  5723 | D:6      | 5723 ||| FLEEEEING.
  5724 | D:6      | 5724 ||| FLEEEEING.
  5725 | D:6      | 5725 ||| FLEEEEING.
  5773 | D:6      | 5773 ||| FLEEEEING.
  5787 | D:6      | 5787 ||| FLEEEEING.
  5788 | D:6      | 5788 ||| FLEEEEING.
  5789 | D:6      | 5789 ||| FLEEEEING.
  5790 | D:6      | 5790 ||| FLEEEEING.
  5791 | D:6      | 5791 ||| FLEEEEING.
  5792 | D:6      | 5792 ||| FLEEEEING.
  5793 | D:6      | 5793 ||| FLEEEEING.
  5794 | D:6      | 5794 ||| FLEEEEING.
  5795 | D:6      | 5795 ||| FLEEEEING.
  5798 | D:6      | 5798 ||| FLEEEEING.
  5800 | D:6      | 5800 ||| FLEEEEING.
  5922 | D:6      | 5922 ||| FLEEEEING.
  5923 | D:6      | 5923 ||| FLEEEEING.
  5924 | D:6      | 5924 ||| FLEEEEING.
  5925 | D:6      | 5925 ||| FLEEEEING.
  5926 | D:6      | 5926 ||| FLEEEEING.
  5927 | D:6      | 5927 ||| FLEEEEING.
  5929 | D:6      | 5929 ||| FLEEEEING.
  5929 | D:6      | HP: 11/84 [electric eel/bolt of electricity (15)]
  5930 | D:6      | 5930 ||| FLEEEEING.
  5932 | D:6      | 5932 ||| FLEEEEING.
  6099 | D:6      | 6099 ||| DRINKING 2 clear potions.
  6200 | D:6      | 6200 ||| READING 2 scrolls of identify.
  6200 | D:6      | 6200 ||| IDENTIFYING amethyst potion
  6201 | D:6      | 6201 ||| DROPPING potion of flight.
  6202 | D:6      | 6202 ||| DROPPING potion of ambrosia.
  6299 | D:7      | Found Qoluohu's Gadget Gallery.
  6302 | D:7      | 6302 ||| READING scroll labelled UPISO XIONURYI.
  6303 | D:7      | 6303 ||| FLEEEEING.
  6304 | D:7      | 6304 ||| FLEEEEING.
  6358 | D:7      | 6358 ||| BUYING wand of digging (4) (252 gold).
  6358 | D:7      | Bought a wand of digging (4) for 252 gold pieces
  6552 | D:7      | 6552 ||| Stepping ~*~*~tactically~*~*~ (outnumbered).
  6553 | D:7      | 6553 ||| Stepping ~*~*~tactically~*~*~ (outnumbered).
  6554 | D:7      | 6554 ||| Stepping ~*~*~tactically~*~*~ (outnumbered).
  6555 | D:7      | 6555 ||| Stepping ~*~*~tactically~*~*~ (outnumbered).
  6556 | D:7      | 6556 ||| Stepping ~*~*~tactically~*~*~ (outnumbered).
  6557 | D:7      | 6557 ||| Stepping ~*~*~tactically~*~*~ (outnumbered).
  6558 | D:7      | 6558 ||| Stepping ~*~*~tactically~*~*~ (outnumbered).
  6559 | D:7      | 6559 ||| Stepping ~*~*~tactically~*~*~ (outnumbered).
  6560 | D:7      | 6560 ||| Stepping ~*~*~tactically~*~*~ (outnumbered).
  6562 | D:7      | 6562 ||| Stepping ~*~*~tactically~*~*~ (outnumbered).
  6563 | D:7      | 6563 ||| Stepping ~*~*~tactically~*~*~ (outnumbered).
  6564 | D:7      | 6564 ||| Stepping ~*~*~tactically~*~*~ (outnumbered).
  6565 | D:7      | 6565 ||| Stepping ~*~*~tactically~*~*~ (outnumbered).
  6566 | D:7      | 6566 ||| Stepping ~*~*~tactically~*~*~ (outnumbered).
  6651 | D:7      | Reached skill level 12 in Unarmed Combat
  6932 | D:7      | 6932 ||| DROPPING orb of mayhem.
  6933 | D:7      | 6933 ||| READING scroll labelled XONTEE LYGRUCH.
  6934 | D:7      | 6934 ||| DRINKING 2 viscous white potions.
  6935 | D:7      | 6935 ||| DROPPING potion of attraction.
  6970 | D:8      | Identified the +2 cloak of Red Curiosity {rC+++ Will-
                  | Regen+ Int+4}
  7129 | D:8      | 7129 ||| Stepping ~*~*~tactically~*~*~ (stealth).
  7131 | D:8      | 7131 ||| Stepping ~*~*~tactically~*~*~ (hiding).
  7215 | D:8      | 7215 ||| Stepping ~*~*~tactically~*~*~ (outnumbered).
  7216 | D:8      | 7216 ||| Stepping ~*~*~tactically~*~*~ (outnumbered).
  7217 | D:8      | 7217 ||| Stepping ~*~*~tactically~*~*~ (outnumbered).
  7218 | D:8      | 7218 ||| Stepping ~*~*~tactically~*~*~ (outnumbered).
  7219 | D:8      | 7219 ||| Stepping ~*~*~tactically~*~*~ (outnumbered).
  7220 | D:8      | 7220 ||| Stepping ~*~*~tactically~*~*~ (outnumbered).
  7221 | D:8      | 7221 ||| Stepping ~*~*~tactically~*~*~ (outnumbered).
  7222 | D:8      | 7222 ||| Stepping ~*~*~tactically~*~*~ (outnumbered).
  7223 | D:8      | 7223 ||| Stepping ~*~*~tactically~*~*~ (outnumbered).
  7224 | D:8      | 7224 ||| Stepping ~*~*~tactically~*~*~ (outnumbered).
  7225 | D:8      | 7225 ||| Stepping ~*~*~tactically~*~*~ (outnumbered).
  7226 | D:8      | 7226 ||| Stepping ~*~*~tactically~*~*~ (outnumbered).
  7228 | D:8      | 7228 ||| Stepping ~*~*~tactically~*~*~ (outnumbered).
  7229 | D:8      | 7229 ||| Stepping ~*~*~tactically~*~*~ (outnumbered).
  7230 | D:8      | 7230 ||| Stepping ~*~*~tactically~*~*~ (outnumbered).
  7231 | D:8      | 7231 ||| Stepping ~*~*~tactically~*~*~ (outnumbered).
  7233 | D:8      | 7233 ||| Stepping ~*~*~tactically~*~*~ (outnumbered).
  7594 | D:8      | Reached skill level 13 in Unarmed Combat
  7607 | D:8      | Found Dihagole's Book Shoppe.
  7611 | D:8      | 7611 ||| UPGRADING to +2 cloak of Red Curiosity {rC+++
                  | Will- Regen+ Int+4}.
  7621 | D:8      | 7621 ||| UPGRADING to +0 cloak.
  7626 | D:8      | 7626 ||| UPGRADING to +2 cloak of Red Curiosity {rC+++
                  | Will- Regen+ Int+4}.
  7636 | D:8      | 7636 ||| DROPPING +0 cloak.
  7637 | D:8      | 7637 ||| UPGRADING to +0 robe of resistance.
  7647 | D:8      | 7647 ||| DROPPING +0 robe.
  7648 | D:8      | 7648 ||| UPGRADING to +0 steam dragon scales.
  7917 | D:8      | 7917 ||| DROPPING amulet of magic regeneration.
  7918 | D:8      | 7918 ||| DROPPING +6 ring of strength.
  7919 | D:8      | 7919 ||| READING scroll labelled KOEFYBR SIBEWUXZYR.
  7920 | D:8      | 7920 ||| DRINKING 2 inky potions.
  7921 | D:8      | 7921 ||| DRINKING 2 black potions.
  7922 | D:8      | 7922 ||| DROPPING potion of invisibility.
  7974 | D:9      | 7974 ||| Stepping ~*~*~tactically~*~*~ (stealth).
  7975 | D:9      | 7975 ||| Stepping ~*~*~tactically~*~*~ (stealth).
  7980 | D:9      | 7980 ||| Stepping ~*~*~tactically~*~*~ (stealth).
  7985 | D:9      | Reached skill level 1 in Armour
  7987 | D:9      | Reached XP level 10. HP: 94/96 MP: 10/10
  8042 | D:9      | Noticed a death yak
  8043 | D:9      | 8043 ||| INVOKING Fiery Armour.
  8043 | D:9      | Noticed a death yak
  8044 | D:9      | 8044 ||| Stepping ~*~*~tactically~*~*~ (stealth).
  8045 | D:9      | 8045 ||| Stepping ~*~*~tactically~*~*~ (stealth).
  8051 | D:9      | Noticed a death yak
  8052 | D:9      | Noticed a death yak
  8053 | D:9      | Noticed a death yak
  8056 | D:9      | Noticed a death yak
  8057 | D:9      | Killed a death yak
  8058 | D:9      | 8058 ||| FLEEEEING.
  8059 | D:9      | 8059 ||| FLEEEEING.
  8060 | D:9      | 8060 ||| FLEEEEING.
  8061 | D:9      | 8061 ||| FLEEEEING.
  8062 | D:9      | 8062 ||| FLEEEEING.
  8063 | D:9      | 8063 ||| FLEEEEING.
  8070 | D:9      | 8070 ||| Stepping ~*~*~tactically~*~*~ (outnumbered).
  8073 | D:9      | Killed a death yak
  8074 | D:9      | Reached skill level 14 in Unarmed Combat
  8077 | D:9      | 8077 ||| Stepping ~*~*~tactically~*~*~ (outnumbered).
  8083 | D:9      | Killed a death yak
  8088 | D:9      | HP: 16/98 [death yak (16)]
  8089 | D:9      | 8089 ||| READING 5 scrolls of teleportation.
  8090 | D:9      | 8090 ||| DRINKING potion of heal wounds.
  8092 | D:9      | Killed a death yak
  8093 | D:9      | Reached skill level 6 in Fighting
  8104 | D:9      | 8104 ||| FLEEEEING.
  8154 | D:9      | 8154 ||| Stepping ~*~*~tactically~*~*~ (stealth).
  8161 | D:9      | 8161 ||| Stepping ~*~*~tactically~*~*~ (stealth).
  8170 | D:9      | Noticed a boulder beetle
  8170 | D:9      | 8170 ||| Stepping ~*~*~tactically~*~*~ (stealth).
  8172 | D:9      | 8172 ||| INVOKING Fiery Armour.
  8180 | D:9      | Killed a boulder beetle
  8207 | D:9      | Reached XP level 11. HP: 102/107 MP: 11/11
  8211 | D:9      | Reached skill level 15 in Unarmed Combat
  8214 | D:9      | Noticed a two-headed ogre
  8219 | D:9      | Killed a two-headed ogre
  8230 | D:9      | Found a shimmering altar of Xom.
  8279 | D:9      | Noticed a centaur warrior
  8280 | D:9      | 8280 ||| Stepping ~*~*~tactically~*~*~ (hiding).
  8287 | D:9      | Killed a centaur warrior
  8307 | D:9      | Noticed a tengu warrior
  8308 | D:9      | 8308 ||| Stepping ~*~*~tactically~*~*~ (hiding).
  8313 | D:9      | Killed a tengu warrior
  8314 | D:9      | Reached skill level 16 in Unarmed Combat
  8337 | D:9      | Noticed a wizard
  8339 | D:9      | 8339 ||| Stepping ~*~*~tactically~*~*~ (hiding).
  8343 | D:9      | Killed a wizard
  8344 | D:9      | 8344 ||| Stepping ~*~*~tactically~*~*~ (hiding).
  8354 | D:9      | Noticed a six-headed hydra
  8355 | D:9      | 8355 ||| INVOKING Fiery Armour.
  8360 | D:9      | Killed a ten-headed hydra
  8361 | D:9      | Noticed a deep elf pyromancer
  8362 | D:9      | Noticed a four-headed hydra
  8362 | D:9      | Noticed a death knight
  8363 | D:9      | 8363 ||| Stepping ~*~*~tactically~*~*~ (hiding).
  8364 | D:9      | 8364 ||| Stepping ~*~*~tactically~*~*~ (hiding).
  8365 | D:9      | Killed a five-headed hydra
  8369 | D:9      | HP: 26/109 [death knight/+0 morningstar (6)]
  8370 | D:9      | 8370 ||| READING 4 scrolls of teleportation.
  8372 | D:9      | HP: 10/109 [??? (7)]
  8373 | D:9      | HP: 4/109 [death knight/+0 morningstar (7)]
  8587 | D:9      | 8587 ||| INVOKING Fiery Armour.
  8588 | D:9      | 8588 ||| Stepping ~*~*~tactically~*~*~ (stealth).
  8595 | D:9      | 8595 ||| Stepping ~*~*~tactically~*~*~ (outnumbered).
  8598 | D:9      | 8598 ||| Stepping ~*~*~tactically~*~*~ (outnumbered).
  8599 | D:9      | 8599 ||| Stepping ~*~*~tactically~*~*~ (outnumbered).
  8600 | D:9      | 8600 ||| Stepping ~*~*~tactically~*~*~ (outnumbered).
  8601 | D:9      | Killed a death yak
  8608 | D:9      | Killed a death yak
  8609 | D:9      | Reached skill level 17 in Unarmed Combat
  8727 | D:9      | Found a staircase to the Lair.
  8917 | D:9      | 8917 ||| Stepping ~*~*~tactically~*~*~ (stealth).
  8925 | D:9      | Killed a death knight
  8949 | D:9      | 8949 ||| Stepping ~*~*~tactically~*~*~ (hiding).
  8992 | D:9      | Reached XP level 12. HP: 88/118 MP: 12/12
  9015 | D:9      | Identified the ring of the Prince {rN+ Int+4 Dex+6 Slay+2
                  | Stlth+}
  9016 | D:9      | 9016 ||| Stepping ~*~*~tactically~*~*~ (stealth).
  9016 | D:9      | Noticed a centaur warrior
  9017 | D:9      | 9017 ||| Stepping ~*~*~tactically~*~*~ (stealth).
  9026 | D:9      | Killed a centaur warrior
  9098 | D:9      | 9098 ||| PLANNING LAIR
  9098 | D:9      | 9098 ||| UPGRADING to ring of the Prince {rN+ Int+4 Dex+6
                  | Slay+2 Stlth+}.
  9100 | D:9      | 9100 ||| DROPPING +4 ring of protection.
  9101 | D:9      | 9101 ||| UPGRADING to ring of poison resistance.
  9103 | D:9      | 9103 ||| READING 2 scrolls of identify.
  9103 | D:9      | 9103 ||| IDENTIFYING emerald potion
  9197 | Lair:1   | Entered Level 1 of the Lair of Beasts
  9242 | Lair:1   | 9242 ||| Stepping ~*~*~tactically~*~*~ (stealth).
  9243 | Lair:1   | 9243 ||| Stepping ~*~*~tactically~*~*~ (stealth).
  9244 | Lair:1   | 9244 ||| Stepping ~*~*~tactically~*~*~ (stealth).
  9245 | Lair:1   | 9245 ||| Stepping ~*~*~tactically~*~*~ (stealth).
  9306 | Lair:1   | Reached skill level 3 in Dodging
  9379 | Lair:1   | 9379 ||| READING scroll of enchant armour.
  9379 | Lair:1   | 9379 ||| ENCHANTING +0 steam dragon scales.
  9398 | Lair:1   | 9398 ||| Stepping ~*~*~tactically~*~*~ (hiding).
  9500 | Lair:1   | 9500 ||| Stepping ~*~*~tactically~*~*~ (hiding).
  9602 | Lair:1   | 9602 ||| Stepping ~*~*~tactically~*~*~ (hiding).
  9704 | Lair:1   | 9704 ||| Stepping ~*~*~tactically~*~*~ (hiding).
  9806 | Lair:1   | 9806 ||| Stepping ~*~*~tactically~*~*~ (hiding).
  9908 | Lair:1   | 9908 ||| Stepping ~*~*~tactically~*~*~ (hiding).
 10010 | Lair:1   | 10010 ||| Stepping ~*~*~tactically~*~*~ (hiding).
 10112 | Lair:1   | 10112 ||| Stepping ~*~*~tactically~*~*~ (hiding).
 10214 | Lair:1   | 10214 ||| Stepping ~*~*~tactically~*~*~ (hiding).
 10316 | Lair:1   | 10316 ||| Stepping ~*~*~tactically~*~*~ (hiding).
 10528 | Lair:1   | 10528 ||| Stepping ~*~*~tactically~*~*~ (stealth).
 10936 | Lair:1   | 10936 ||| DROPPING ring of magical power.
 10973 | Lair:2   | Found a staircase to the Swamp.
 10979 | Lair:2   | 10979 ||| INVOKING Fiery Armour.
 10983 | Lair:2   | 10983 ||| Stepping ~*~*~tactically~*~*~ (stealth).
 10986 | Lair:2   | 10986 ||| Stepping ~*~*~tactically~*~*~ (outnumbered).
 10987 | Lair:2   | 10987 ||| Stepping ~*~*~tactically~*~*~ (outnumbered).
 10988 | Lair:2   | 10988 ||| Stepping ~*~*~tactically~*~*~ (outnumbered).
 10990 | Lair:2   | Reached skill level 18 in Unarmed Combat
 10990 | Lair:2   | 10990 ||| Stepping ~*~*~tactically~*~*~ (outnumbered).
 11119 | Lair:2   | You fall into a shaft and drop 1 floor!
 11152 | Lair:3   | 11152 ||| Stepping ~*~*~tactically~*~*~ (stealth).
 11207 | Lair:3   | 11207 ||| DRINKING 2 viscous coppery potions.
 11243 | Lair:3   | 11243 ||| DROPPING potion of lignification.
 11366 | Lair:2   | 11366 ||| Stepping ~*~*~tactically~*~*~ (outnumbered).
 11367 | Lair:2   | 11367 ||| Stepping ~*~*~tactically~*~*~ (outnumbered).
 11368 | Lair:2   | 11368 ||| Stepping ~*~*~tactically~*~*~ (outnumbered).
 11376 | Lair:2   | Reached skill level 3 in Armour
 11383 | Lair:2   | Found a staircase to the Snake Pit.
 11384 | Lair:2   | 11384 ||| Stepping ~*~*~tactically~*~*~ (hiding).
 11399 | Lair:2   | 11399 ||| Stepping ~*~*~tactically~*~*~ (hiding).
 11402 | Lair:2   | 11402 ||| Stepping ~*~*~tactically~*~*~ (hiding).
 11403 | Lair:2   | 11403 ||| Stepping ~*~*~tactically~*~*~ (hiding).
 11404 | Lair:2   | 11404 ||| Stepping ~*~*~tactically~*~*~ (hiding).
 11406 | Lair:2   | 11406 ||| Stepping ~*~*~tactically~*~*~ (hiding).
 11614 | Lair:2   | 11614 ||| DROPPING +2 cloak.
 11638 | Lair:3   | 11638 ||| STAIRDANCE
 11653 | Lair:3   | 11653 ||| Stepping ~*~*~tactically~*~*~ (stealth).
 11663 | Lair:3   | 11663 ||| READING scroll of enchant armour.
 11663 | Lair:3   | 11663 ||| ENCHANTING +1 steam dragon scales.
 11760 | Lair:3   | 11760 ||| Stepping ~*~*~tactically~*~*~ (stealth).
 11762 | Lair:3   | 11762 ||| Stepping ~*~*~tactically~*~*~ (stealth).
 11763 | Lair:3   | 11763 ||| Stepping ~*~*~tactically~*~*~ (stealth).
 11766 | Lair:3   | 11766 ||| Stepping ~*~*~tactically~*~*~ (stealth).
 11773 | Lair:3   | 11773 ||| Stepping ~*~*~tactically~*~*~ (stealth).
 11776 | Lair:3   | 11776 ||| Stepping ~*~*~tactically~*~*~ (stealth).
 11826 | Lair:3   | 11826 ||| INVOKING Fiery Armour.
 11827 | Lair:3   | 11827 ||| Stepping ~*~*~tactically~*~*~ (stealth).
 11880 | Lair:3   | 11880 ||| Stepping ~*~*~tactically~*~*~ (outnumbered).
 11881 | Lair:3   | 11881 ||| Stepping ~*~*~tactically~*~*~ (outnumbered).
 11882 | Lair:3   | 11882 ||| Stepping ~*~*~tactically~*~*~ (outnumbered).
 11883 | Lair:3   | 11883 ||| Stepping ~*~*~tactically~*~*~ (outnumbered).
 11885 | Lair:3   | 11885 ||| Stepping ~*~*~tactically~*~*~ (outnumbered).
 11886 | Lair:3   | 11886 ||| Stepping ~*~*~tactically~*~*~ (outnumbered).
 11970 | Lair:3   | 11970 ||| Stepping ~*~*~tactically~*~*~ (stealth).
 12001 | Lair:3   | Noticed a death yak
 12002 | Lair:3   | 12002 ||| INVOKING Fiery Armour.
 12009 | Lair:3   | Noticed a death yak
 12011 | Lair:3   | Noticed a death yak
 12014 | Lair:3   | 12014 ||| Stepping ~*~*~tactically~*~*~ (outnumbered).
 12014 | Lair:3   | Noticed a death yak
 12016 | Lair:3   | Killed a death yak
 12019 | Lair:3   | Killed a death yak
 12022 | Lair:3   | Killed a death yak
 12022 | Lair:3   | Noticed a death yak
 12023 | Lair:3   | Noticed a death yak
 12029 | Lair:3   | 12029 ||| Stepping ~*~*~tactically~*~*~ (outnumbered).
 12030 | Lair:3   | 12030 ||| Stepping ~*~*~tactically~*~*~ (outnumbered).
 12031 | Lair:3   | 12031 ||| Stepping ~*~*~tactically~*~*~ (outnumbered).
 12032 | Lair:3   | 12032 ||| Stepping ~*~*~tactically~*~*~ (outnumbered).
 12033 | Lair:3   | 12033 ||| Stepping ~*~*~tactically~*~*~ (outnumbered).
 12034 | Lair:3   | 12034 ||| Stepping ~*~*~tactically~*~*~ (outnumbered).
 12035 | Lair:3   | 12035 ||| Stepping ~*~*~tactically~*~*~ (outnumbered).
 12036 | Lair:3   | 12036 ||| Stepping ~*~*~tactically~*~*~ (outnumbered).
 12037 | Lair:3   | 12037 ||| Stepping ~*~*~tactically~*~*~ (outnumbered).
 12038 | Lair:3   | 12038 ||| Stepping ~*~*~tactically~*~*~ (outnumbered).
 12039 | Lair:3   | 12039 ||| Stepping ~*~*~tactically~*~*~ (outnumbered).
 12045 | Lair:3   | 12045 ||| Stepping ~*~*~tactically~*~*~ (outnumbered).
 12046 | Lair:3   | 12046 ||| Stepping ~*~*~tactically~*~*~ (outnumbered).
 12047 | Lair:3   | 12047 ||| Stepping ~*~*~tactically~*~*~ (outnumbered).
 12048 | Lair:3   | 12048 ||| Stepping ~*~*~tactically~*~*~ (outnumbered).
 12049 | Lair:3   | 12049 ||| Stepping ~*~*~tactically~*~*~ (outnumbered).
 12050 | Lair:3   | 12050 ||| Stepping ~*~*~tactically~*~*~ (outnumbered).
 12051 | Lair:3   | 12051 ||| STAIRDANCE
 12053 | Lair:2   | 12053 ||| Stepping ~*~*~tactically~*~*~ (outnumbered).
 12054 | Lair:2   | 12054 ||| Stepping ~*~*~tactically~*~*~ (outnumbered).
 12055 | Lair:2   | 12055 ||| Stepping ~*~*~tactically~*~*~ (outnumbered).
 12056 | Lair:2   | 12056 ||| Stepping ~*~*~tactically~*~*~ (outnumbered).
 12057 | Lair:2   | 12057 ||| Stepping ~*~*~tactically~*~*~ (outnumbered).
 12058 | Lair:2   | 12058 ||| Stepping ~*~*~tactically~*~*~ (outnumbered).
 12059 | Lair:2   | 12059 ||| Stepping ~*~*~tactically~*~*~ (outnumbered).
 12060 | Lair:2   | 12060 ||| Stepping ~*~*~tactically~*~*~ (outnumbered).
 12061 | Lair:2   | Killed a death yak
 12062 | Lair:2   | Reached skill level 19 in Unarmed Combat
 12066 | Lair:2   | Killed a death yak
 12067 | Lair:2   | Reached XP level 13. HP: 89/127 MP: 13/13
 12087 | Lair:2   | 12087 ||| DROPPING ring of wizardry.
 12088 | Lair:2   | 12088 ||| READING 5 scrolls of identify.
 12088 | Lair:2   | 12088 ||| IDENTIFYING glowing white potion
 12089 | Lair:2   | 12089 ||| DROPPING potion of magic.
 12437 | Lair:4   | 12437 ||| STAIRDANCE
 12450 | Lair:4   | 12450 ||| STAIRDANCE
 12657 | Lair:4   | 12657 ||| Stepping ~*~*~tactically~*~*~ (stealth).
 12658 | Lair:4   | 12658 ||| Stepping ~*~*~tactically~*~*~ (stealth).
 12698 | Lair:4   | 12698 ||| Stepping ~*~*~tactically~*~*~ (stealth).
 12702 | Lair:4   | 12702 ||| Stepping ~*~*~tactically~*~*~ (stealth).
 12703 | Lair:4   | 12703 ||| Stepping ~*~*~tactically~*~*~ (stealth).
 12712 | Lair:4   | Reached skill level 9 in Fighting
 12713 | Lair:4   | 12713 ||| Stepping ~*~*~tactically~*~*~ (outnumbered).
 12714 | Lair:4   | 12714 ||| Stepping ~*~*~tactically~*~*~ (stealth).
 12715 | Lair:4   | 12715 ||| INVOKING Fiery Armour.
 12716 | Lair:4   | 12716 ||| Stepping ~*~*~tactically~*~*~ (outnumbered).
 12718 | Lair:4   | 12718 ||| Stepping ~*~*~tactically~*~*~ (stealth).
 12719 | Lair:4   | 12719 ||| Stepping ~*~*~tactically~*~*~ (stealth).
 12720 | Lair:4   | 12720 ||| Stepping ~*~*~tactically~*~*~ (outnumbered).
 12721 | Lair:4   | 12721 ||| Stepping ~*~*~tactically~*~*~ (outnumbered).
 12723 | Lair:4   | 12723 ||| Stepping ~*~*~tactically~*~*~ (outnumbered).
 12724 | Lair:4   | 12724 ||| Stepping ~*~*~tactically~*~*~ (outnumbered).
 12725 | Lair:4   | 12725 ||| Stepping ~*~*~tactically~*~*~ (stealth).
 12736 | Lair:4   | 12736 ||| Stepping ~*~*~tactically~*~*~ (outnumbered).
 12737 | Lair:4   | 12737 ||| Stepping ~*~*~tactically~*~*~ (outnumbered).
 12738 | Lair:4   | 12738 ||| Stepping ~*~*~tactically~*~*~ (outnumbered).
 12739 | Lair:4   | 12739 ||| Stepping ~*~*~tactically~*~*~ (outnumbered).
 12740 | Lair:4   | 12740 ||| Stepping ~*~*~tactically~*~*~ (outnumbered).
 12741 | Lair:4   | 12741 ||| Stepping ~*~*~tactically~*~*~ (outnumbered).
 12742 | Lair:4   | 12742 ||| Stepping ~*~*~tactically~*~*~ (outnumbered).
 12743 | Lair:4   | 12743 ||| Stepping ~*~*~tactically~*~*~ (outnumbered).
 12744 | Lair:4   | 12744 ||| Stepping ~*~*~tactically~*~*~ (outnumbered).
 12785 | Lair:4   | 12785 ||| Stepping ~*~*~tactically~*~*~ (stealth).
 12788 | Lair:4   | 12788 ||| Stepping ~*~*~tactically~*~*~ (stealth).
 12797 | Lair:4   | 12797 ||| Stepping ~*~*~tactically~*~*~ (outnumbered).
 12798 | Lair:4   | 12798 ||| Stepping ~*~*~tactically~*~*~ (outnumbered).
 12799 | Lair:4   | 12799 ||| Stepping ~*~*~tactically~*~*~ (outnumbered).
 12800 | Lair:4   | 12800 ||| Stepping ~*~*~tactically~*~*~ (outnumbered).
 12801 | Lair:4   | 12801 ||| Stepping ~*~*~tactically~*~*~ (outnumbered).
 12802 | Lair:4   | 12802 ||| Stepping ~*~*~tactically~*~*~ (outnumbered).
 12803 | Lair:4   | 12803 ||| Stepping ~*~*~tactically~*~*~ (outnumbered).
 12804 | Lair:4   | 12804 ||| Stepping ~*~*~tactically~*~*~ (outnumbered).
 12805 | Lair:4   | 12805 ||| Stepping ~*~*~tactically~*~*~ (outnumbered).
 12806 | Lair:4   | 12806 ||| Stepping ~*~*~tactically~*~*~ (outnumbered).
 12807 | Lair:4   | 12807 ||| Stepping ~*~*~tactically~*~*~ (outnumbered).
 12876 | Lair:4   | 12876 ||| Stepping ~*~*~tactically~*~*~ (stealth).
 12878 | Lair:4   | 12878 ||| Stepping ~*~*~tactically~*~*~ (stealth).
 12881 | Lair:4   | 12881 ||| Stepping ~*~*~tactically~*~*~ (stealth).
 12899 | Lair:4   | 12899 ||| FLEEEEING.
 12910 | Lair:4   | 12910 ||| FLEEEEING.
 12924 | Lair:4   | 12924 ||| FLEEEEING.
 12939 | Lair:4   | 12939 ||| FLEEEEING.
 13096 | Lair:4   | 13096 ||| Stepping ~*~*~tactically~*~*~ (stealth).
 13097 | Lair:4   | 13097 ||| Stepping ~*~*~tactically~*~*~ (stealth).
 13098 | Lair:4   | 13098 ||| INVOKING Fiery Armour.
 13100 | Lair:4   | 13100 ||| Stepping ~*~*~tactically~*~*~ (outnumbered).
 13399 | Lair:4   | 13399 ||| DROPPING ring of resist corrosion.
 13400 | Lair:4   | 13400 ||| READING scroll labelled NYALIYF SAROU.
 13523 | Lair:5   | Entered Level 5 of the Lair of Beasts
 13550 | Lair:5   | 13550 ||| Stepping ~*~*~tactically~*~*~ (stealth).
 13551 | Lair:5   | 13551 ||| INVOKING Fiery Armour.
 13562 | Lair:5   | 13562 ||| FLEEEEING.
 13563 | Lair:5   | 13563 ||| FLEEEEING.
 13564 | Lair:5   | 13564 ||| FLEEEEING.
 13565 | Lair:5   | 13565 ||| STAIRDANCE
 13567 | Lair:4   | 13567 ||| PLANNING TEMPLE
 13763 | Temple   | Entered the Ecumenical Temple
 13896 | Temple   | 13896 ||| PLANNING CONVERSION TO OKAWARU
 13906 | Temple   | Fell from the grace of Ignis
 13906 | Temple   | Became a worshipper of Warmaster Okawaru
 13907 | Temple   | 13907 ||| PLANNING LAIR
 14106 | Lair:5   | 14106 ||| Stepping ~*~*~tactically~*~*~ (stealth).
 14121 | Lair:5   | Noticed Rupert
 14122 | Lair:5   | 14122 ||| Stepping ~*~*~tactically~*~*~ (stealth).
 14123 | Lair:5   | 14123 ||| Stepping ~*~*~tactically~*~*~ (stealth).
 14124 | Lair:5   | 14124 ||| Stepping ~*~*~tactically~*~*~ (stealth).
 14127 | Lair:5   | 14127 ||| Stepping ~*~*~tactically~*~*~ (stealth).
 14134 | Lair:5   | 14134 ||| Stepping ~*~*~tactically~*~*~ (outnumbered).
 14135 | Lair:5   | 14135 ||| Stepping ~*~*~tactically~*~*~ (outnumbered).
 14136 | Lair:5   | 14136 ||| Stepping ~*~*~tactically~*~*~ (outnumbered).
 14137 | Lair:5   | 14137 ||| Stepping ~*~*~tactically~*~*~ (outnumbered).
 14146 | Lair:5   | HP: 13/131 [Rupert/+1 great mace of holy wrath (22)]
 14147 | Lair:5   | 14147 ||| READING 4 scrolls of teleportation.
 14148 | Lair:5   | 14148 ||| Stepping ~*~*~tactically~*~*~ (stealth).
 14149 | Lair:5   | 14149 ||| DRINKING potion of heal wounds.
 14152 | Lair:5   | Killed Rupert
 14152 | Lair:5   | Reached * piety under Okawaru
 14152 | Lair:5   | HP: 30/131 [cane toad (9)]
 14153 | Lair:5   | Reached skill level 20 in Unarmed Combat
 14153 | Lair:5   | 14153 ||| READING 3 scrolls of teleportation.
 14154 | Lair:5   | 14154 ||| INVOKING Heroism.
 14157 | Lair:5   | Reached skill level 1 in Invocations
 14157 | Lair:5   | 14157 ||| READING 2 scrolls of teleportation.
 14161 | Lair:5   | HP: 27/131 [basilisk (13)]
 14163 | Lair:5   | 14163 ||| Stepping ~*~*~tactically~*~*~ (stealth).
 14166 | Lair:5   | 14166 ||| INVOKING Heroism.
 14179 | Lair:5   | 14179 ||| Stepping ~*~*~tactically~*~*~ (outnumbered).
 14180 | Lair:5   | 14180 ||| INVOKING Heroism.
 14194 | Lair:5   | 14194 ||| DRINKING 2 potions of cancellation.
 14196 | Lair:5   | 14196 ||| DRINKING potion of cancellation.
 14199 | Lair:5   | 14199 ||| Stepping ~*~*~tactically~*~*~ (hiding).
 14207 | Lair:5   | 14207 ||| DRINKING 5 potions of curing.
 14207 | Lair:5   | 14207 ||| (to cure confusion)
 14208 | Lair:5   | 14208 ||| INVOKING Heroism.
 14215 | Lair:5   | HP: 27/131 [burnt (8)]
 14216 | Lair:5   | 14216 ||| READING scroll of teleportation.
 14218 | Lair:5   | Reached ** piety under Okawaru
 14290 | Lair:5   | 14290 ||| INVOKING Heroism.
 14306 | Lair:5   | 14306 ||| Stepping ~*~*~tactically~*~*~ (outnumbered).
 14357 | Lair:5   | Reached skill level 3 in Invocations
 14398 | Lair:5   | Found a runed translucent door.
 14399 | Lair:5   | Found a staircase to the Slime Pits.
 14433 | Lair:5   | 14433 ||| Stepping ~*~*~tactically~*~*~ (stealth).
 14439 | Lair:5   | 14439 ||| INVOKING Heroism.
 14482 | Lair:5   | Found a runed translucent gate.
 14482 | Lair:5   | Found a runed translucent gate.
 14483 | Lair:5   | Found a runed translucent gate.
 14485 | Lair:5   | Noticed qw's ghost (journeyman TeWr)
 14500 | Lair:5   | 14500 ||| Stepping ~*~*~tactically~*~*~ (stealth).
 14501 | Lair:5   | 14501 ||| Stepping ~*~*~tactically~*~*~ (stealth).
 14503 | Lair:5   | 14503 ||| INVOKING Heroism.
 14627 | Lair:5   | 14627 ||| Stepping ~*~*~tactically~*~*~ (stealth).
 14644 | Lair:5   | 14644 ||| Stepping ~*~*~tactically~*~*~ (stealth).
 14645 | Lair:5   | 14645 ||| Stepping ~*~*~tactically~*~*~ (stealth).
 14650 | Lair:5   | 14650 ||| Stepping ~*~*~tactically~*~*~ (stealth).
 14655 | Abyss:2  | Cast into level 2 of the Abyss (spriggan)
 14676 | Abyss:2  | Found a corrupted altar of Lugonu.
 14701 | Abyss:2  | Noticed an Executioner
 14711 | Abyss:2  | 14711 ||| Stepping ~*~*~tactically~*~*~ (hiding).
 14712 | Abyss:2  | Noticed a starcursed mass
 14716 | Abyss:2  | 14716 ||| INVOKING Heroism.
 14720 | Abyss:2  | 14720 ||| Stepping ~*~*~tactically~*~*~ (outnumbered).
 14730 | Abyss:2  | Reached *** piety under Okawaru
 14734 | Abyss:2  | 14734 ||| Stepping ~*~*~tactically~*~*~ (outnumbered).
 14735 | Abyss:2  | 14735 ||| Stepping ~*~*~tactically~*~*~ (outnumbered).
 14737 | Abyss:2  | HP: 27/131 [starcursed mass (8)]
 14738 | Abyss:2  | 14738 ||| INVOKING Heroism.
 14738 | Abyss:2  | HP: 11/131 [starcursed mass (6)]
 14738 | Abyss:2  | HP: 1/131 [starcursed mass (10)]
 14739 | Abyss:2  | Slain by a starcursed mass

Levels and vault maps discovered:
D:1:      mrwooster_arrival_statue, layout_basic, solitary_fountain,
          kennysheep_another_room, amcnicky_mini_corridor_feature
D:2:      layout_basic, nicolae_ecumenical_snake_handling, nrook_campfire,
          nicolae_eternal_life
D:3:      layout_basic, corexii_item_surrounded_by_moat, minmay_crystal_room,
          uniq_terence, uniq_robin, uniq_grinder
D:4:      layout_basic, temple_statues, minmay_divided_ellipse, uniq_duvessa
D:5:      minmay_diamond_boxcup, layout_basic, tgw_kikubaaqudgha, uniq_edmund
D:6:      layout_gridville, minmay_shop_grid_forest, kennysheep_potato
D:7:      layout_gridville, nicolae_shop_gadgets
D:8:      layout_cave_pods, serial_shops, nicolae_square_shop
D:9:      minmay_the_grid_octo_tiled_squarecenter
          [minmay_the_grid_octo_vomiting_pacman, minmay_the_grid_octo_77,
          minmay_the_grid_octo_pinwheel, minmay_the_grid_octo_thin_diamonds,
          minmay_the_grid_square_5x5_megaprize_open,
          minmay_the_grid_square_5x5_inner_z,
          minmay_the_grid_square_5x5_hollow_slash,
          minmay_the_grid_square_5x5_inset, minmay_the_grid_square_5x5_n],
          layout_layer_cave, dpeg_lair_monsters
Temple:   roderic_octagonal_lattice_temple
Lair:1:   layout_chaotic_city, serial_bayou_shore_a, infiniplex_staircase_pool,
          grunt_megastairs_5, serial_bayou_shore_b
Lair:2:   layout_hall_layers, minmay_swamp_entry_swarm,
          guppyfry_snake_entry_garden
Lair:3:   layout_misc_corridors, nicolae_lair_grazing_beasts
          [nicolae_sub_lair_graze_edge, nicolae_sub_lair_graze_edge,
          nicolae_sub_lair_graze_edge, nicolae_sub_lair_graze_edge],
          serial_bayou_shore_b
Lair:4:   layout_cave_pods, gammafunk_lair_bear_cave, lemuel_fruit_fields,
          lemuel_fruit_fields
Lair:5:   hellmonk_lair_end_abyssal_woods, layout_loops_ring, slime_entry_2,
          nicolae_volcano_entry_vermiform, gammafunk_ghost_split,
          infiniplex_staircase_pool_2, uniq_rupert
Abyss:2:  base: D:9, evilmike_abyss_exit_mutagenic

Skill      XL: |  1  2  3  4  5  6  7  8  9 10 11 12 13 |
---------------+----------------------------------------+-----
Unarmed Combat | 4 6 8 9 11 13 14 17 19 20 | 20.4
Fighting       | 3 4 5 6 7 8 9 |  9.0
Dodging        | 1 2 4 5 |  5.0
Armour         | 2 3 |  3.0
Invocations    | 4 |  4.0
Spellcasting   | |  1.0
Fire Magic     | |  2.1

Action                   |  1- 3 |  4- 6 |  7- 9 | 10-12 | 13-15 || total
-------------------------+-------+-------+-------+-------+-------++-------
Melee: Unarmed           |    89 |    95 |   225 |   314 |   231 ||   954
       Punch             |     2 |     2 |     9 |    40 |    36 ||    89
Invok: Fiery Armour      |     1 |     1 |     1 |     7 |     3 ||    13
       Heroism           |       |       |       |       |     9 ||     9
  Use: Scroll            |     5 |     1 |    11 |     5 |     6 ||    28
       Potion            |     2 |       |     6 |     2 |     4 ||    14
 Stab: Invisible         |       |       |     2 |       |       ||     2
       Sleeping          |       |       |       |     3 |     3 ||     6
       Distracted        |       |       |       |       |     1 ||     1
Armor: Robe              |    33 |    12 |    33 |       |       ||    78
       Steam dragon scal |       |       |     3 |    95 |    88 ||   186
Dodge: Dodged            |    33 |    31 |    56 |    98 |    76 ||   294
Block: Other             |     5 |     7 |    34 |    48 |    32 ||   126
       Reflection        |       |     1 |     1 |       |       ||     2

Table legend:
 A = Non-vault XP
 B = Vault XP
 C = Vault XP percentage of total XP
 D = Non-vault monster count
 E = Vault monster count
 F = Vault count percentage of total count
                 A         B        C        D         E       F
            +---------+---------+-------+---------+---------+-------
      Total |   34092 |   30400 |  47.1 |     255 |     121 |  32.2
            +---------+---------+-------+---------+---------+-------
        D:1 |      35 |       0 |   0.0 |      20 |       0 |   0.0
        D:2 |      28 |      38 |  57.6 |      14 |      14 |  50.0
        D:3 |      44 |     304 |  87.4 |      21 |       5 |  19.2
        D:4 |     254 |     602 |  70.3 |      18 |      15 |  45.5
        D:5 |     306 |     785 |  72.0 |      17 |      11 |  39.3
        D:6 |     904 |      46 |   4.8 |      14 |       2 |  12.5
        D:7 |     575 |       0 |   0.0 |      11 |       0 |   0.0
        D:8 |    1208 |       0 |   0.0 |      19 |       0 |   0.0
        D:9 |    1322 |   17423 |  92.9 |      16 |      37 |  69.8
     Lair:1 |    2082 |     142 |   6.4 |      15 |       1 |   6.2
     Lair:2 |    4290 |    1738 |  28.8 |      12 |      10 |  45.5
     Lair:3 |    7138 |    1276 |  15.2 |      20 |       5 |  20.0
     Lair:4 |    6637 |     610 |   8.4 |      30 |       3 |   9.1
     Lair:5 |    7803 |    7436 |  48.8 |      21 |      18 |  46.2
    Abyss:2 |    1466 |       0 |   0.0 |       7 |       0 |   0.0
            +---------+---------+-------+---------+---------+-------
